 Dungeon Crawl Stone Soup version 0.28-a0-957-g42eb19b844 (webtiles) character file.

Game seed: 10983949021807069574

172 croobank the Cutter (level 5, -3/30 (32) HPs)
             Began as an Octopode Earth Elementalist on Dec 1, 2021.
             Was a High Priest of Ignis.
             Slain by an orc (6 damage)
             ... on level 3 of the Dungeon.
             The game lasted 00:12:00 (3931 turns).

croobank the Cutter (Octopode Earth Elementalist)   Turns: 3931, Time: 00:12:00

HP:   -3/30 (32)    AC:  1    Str:  9    XL:     5   Next: 53%
MP:   8/8           EV: 13    Int: 17    God:    Ignis [*****.]
Gold: 70            SH:  0    Dex: 13    Spells: 7/8 levels left

rFire   + . .      SeeInvis .   a - +0 short sword
rCold   . . .      Faith    .   (no shield)
rNeg    . . .      Spirit   .   (helmet restricted)
rPois   .          Reflect  .   (no amulet)
rElec   .          Harm     .   (no ring)
rCorr   .          Rampage  .   (no ring)
Will    .....                   (no ring)
Stlth   +++.......              (no ring)
HPRegen 0.10/turn               (no ring)
MPRegen 0.11/turn               (no ring)
                                (no ring)
                                (no ring)

@: drained
A: almost no armour, amphibious, 8 rings, camouflage 1, gelatinous body 1,
(nimble swimmer 1), tentacles
a: Renounce Religion, Fiery Armour, Foxfire Swarm, Rising Flame


You were on level 3 of the Dungeon.
You worshipped Ignis.
Ignis was extremely pleased with you.
You visited 1 branch of the dungeon, and saw 3 of its levels.

You collected 108 gold pieces.
You spent 38 gold pieces at shops.

Inventory:

Hand Weapons
 a - a +0 short sword (weapon)
 b - a +0 hunting sling
 e - a +0 dagger
Missiles
 f - 121 stones
 m - 22 sling bullets
 o - 39 arrows
Scrolls
 c - a scroll of immolation
 d - a scroll of teleportation
 h - 2 scrolls of identify
 i - a scroll of fear
 k - a scroll of holy word {unknown}
 l - a scroll of enchant armour {unknown}
Potions
 g - 3 potions of curing {unknown}
 j - 2 potions of brilliance {unknown}
 n - a potion of heal wounds {unknown}


   Skills:
 - Level 0.4 Fighting
 + Level 4.1 Short Blades
 - Level 2.1 Dodging
 - Level 3.5 Stealth
 - Level 0.2 Unarmed Combat
 - Level 2.1 Spellcasting
 - Level 1.0 Transmutations
 - Level 3.5 Earth Magic


You had 7 spell levels left.
You knew the following spells:

 Your Spells              Type           Power      Damage    Failure   Level
a - Sandblast             Erth           26%        2d8       4%          1

Your spell library contained the following spells:

 Spells                   Type           Power      Damage    Failure   Level
 Passwall                 Tmut/Erth      7%         N/A       12%         2
 Stone Arrow              Conj/Erth      14%        3d7       28%         3
 Petrify                  Tmut/Erth      9%         N/A       58%         4


Dungeon Overview and Level Annotations

Branches:
Dungeon (3/15)

Altars:
Ignis

Shops:
D:2 ?

Annotations:
D:2 1 runed translucent door, Crazy Yiuf


Innate Abilities, Weirdness & Mutations

You cannot wear most types of armour.
You are amphibious.
You can wear up to eight rings at the same time.
Your skin changes colour to match your surroundings (Stealth+).
Your rubbery body absorbs attacks. (AC +1, EV +1)
((You are camouflaged near water. (Stealth+)))
You have tentacles for arms and can constrict up to eight enemies at once.


Message History

The orc hits you with a +0 falchion.
You hit the orc.
The orc is almost dead.
You constrict the orc.
You kill the orc!
An orc comes into view. It is wielding a +0 flail.
Things that are here:
a +0 falchion; an orc corpse The orc shouts!
The orc priest shouts!
The orc shouts!
The orc priest barely misses you.
You closely miss the orc priest. You grab the orc priest.
You constrict the orc priest, but do no damage.
The orc priest hits you with a +0 dagger.
You hit the orc priest but do no damage.
You constrict the orc priest, but do no damage.
The orc priest mumbles some strange prayers to Beogh against you.
Pain shoots through your body!
You release your grip on the orc priest.
The orc hits you with a +1 whip of draining.
You feel drained.
* * * LOW HITPOINT WARNING * * *
The orc priest casts a cantrip, but nothing happens.
The orc closely misses you. The orc misses you. Flames leap up around you!
The orc hits you with a +1 whip of draining.
* * * LOW HITPOINT WARNING * * *
You feel drained.
* * * LOW HITPOINT WARNING * * *
The orc closely misses you. The orc completely misses you.
Your foxfire dissipates!
The foxfire hits the orc.
The orc is heavily wounded.
The foxfire hits the orc.
The orc is severely wounded.
The foxfire hits the orc.
You kill the orc!
The foxfire hits the orc.
The orc is heavily wounded.
The orc hits you with a +0 mace.
You die...

###
####.........#
###..
..............
#...#
###.......###
#...#
###........
#...#
###.#######
#ยง..# #...#
#.o.######.###
#.oo#......####
####@#.........#
#..vv#.......#.#
#....#.......#.#
#....####.##.#.#
####.####. ..#.#
#....######.#
#...........#
#......######
#......#


You could see an orc priest and 2 orcs.

Vanquished Creatures
  A scorpion (D:3)
  Jessica (D:2)
  3 adders (D:2)
  A worm (D:3)
  A dart slug (D:1)
  2 orcs (D:3)
  8 bats
  6 endoplasms
  2 giant cockroaches
  5 goblins
  3 hobgoblins (D:3)
  10 jackals
  2 ball pythons
  3 frilled lizards
  4 kobolds
  5 rats
57 creatures vanquished.

Vanquished Creatures (others)
  4 foxfires (D:3)
  2 plants (D:3)
6 creatures vanquished.

Grand Total: 63 creatures vanquished

Notes
Turn   | Place    | Note
-------+----------+-------------------------------------------
     0 | D:1      | croobank the Octopode Earth Elementalist began the quest
                  | for the Orb.
     0 | D:1      | Reached XP level 1. HP: 11/11 MP: 3/3
     7 | D:1      | Found a faded altar of an unknown god.
    12 | D:1      | Prayed at the altar of an unknown god.
    12 | D:1      | Became a worshipper of Ignis, the Dying Flame
   572 | D:1      | Reached XP level 2. HP: 17/17 MP: 3/5
  1556 | D:1      | Reached XP level 3. HP: 2/21 MP: 6/6
  1961 | D:2      | Reached skill level 1 in Short Blades
  2311 | D:2      | Reached skill level 2 in Short Blades
  2311 | D:2      | Reached XP level 4. HP: 21/27 MP: 7/7
  2370 | D:2      | Found a runed translucent door.
  2371 | D:2      | Noticed Crazy Yiuf
  2422 | D:2      | Noticed Jessica
  2430 | D:2      | Killed Jessica
  2546 | D:2      | Found Femiorghi's Magic Scroll Shoppe.
  2554 | D:2      | Bought a scroll of fear for 38 gold pieces
  3189 | D:3      | Reached skill level 3 in Short Blades
  3638 | D:3      | Noticed a scorpion
  3645 | D:3      | Killed a scorpion
  3646 | D:3      | Reached skill level 4 in Short Blades
  3646 | D:3      | Reached XP level 5. HP: 13/32 MP: 8/8
  3931 | D:3      | Slain by an orc

Illustrated notes

Levels and vault maps discovered:
D:1:      saegor_arrival_simple_c, layout_loops_ring, basic_ecumenical_altar
D:2:      layout_loops_ring, serial_shops,
          nicolae_shop_temple_entry_statues_fountains, uniq_crazy_yiuf_cottage,
          uniq_jessica
D:3:      layout_basic, serial_bayou_lake_a

Skill      XL: |  1  2  3  4 |
---------------+-------------+-----
Stealth        | 3 |  3.5
Short Blades   | 2 4 |  4.1
Fighting       | |  0.4
Dodging        | |  2.1
Unarmed Combat | |  0.2
Spellcasting   | |  2.1
Transmutations | |  1.0
Earth Magic    | |  3.5

Action                   |  1- 3 |  4- 6 || total
-------------------------+-------+-------++-------
Melee: Unarmed           |    36 |       ||    36
       Constrict         |    26 |    14 ||    40
       Tentacles         |    13 |    11 ||    24
       Dagger            |    43 |       ||    43
       Short sword       |    11 |    62 ||    73
 Cast: Sandblast         |     3 |       ||     3
Invok: Foxfire Swarm     |       |     1 ||     1
  Use: Scroll            |     2 |     1 ||     3
 Stab: Sleeping          |     9 |     7 ||    16
Armor: Skin              |    12 |     4 ||    16
Dodge: Dodged            |    50 |    41 ||    91

Table legend: (Time is in decaauts)
 A = Elapsed time spent in this place.
 B = Non-inter-level travel time spent in this place.
 C = Inter-level travel time spent in this place.
 D = Time resting spent in this place.
 E = Time spent auto-exploring this place.
 F = Levels seen in this place.
 G = Mean time per level.
                   A        B        C        D        E       F      G
               +--------+--------+--------+--------+--------+-----+--------+
         Total |   3925 |   3812 |    113 |   1268 |   1962 |   3 | 1308.3 |
       Dungeon |   3925 |   3812 |    113 |   1268 |   1962 |   3 | 1308.3 |
               +--------+--------+--------+--------+--------+-----+--------+

Top non-repeatable levels by time:
     D:1: 1955 daAuts
     D:3: 1017 daAuts
     D:2: 952 daAuts
